Map: Dusk Towers

Players

Miniraser - Winner!

  • Race: Zerg Zerg
  • League: Master

HyuN

  • Race: Zerg Zerg

Event: Homestory Cup XII

VOD

Have the link to the VOD?

Description

Time

  • Played on: Dec. 18, 2015, 8:46 a.m.
  • Length: 6:52

All games in this series

Show
View Real Time Build Order
Export as new Build Order

Miniraser Zerg - Winner!

Build Orders: Pool First, Zergling Baneling 

Get SALT Encoding   

  12  0:01  Drone  
  13  0:14  Extractor  
  12  0:25  Spawning Pool  
  11  0:28  Drone  
  11  0:32  Drone  
  13  0:37  Drone  
  14  0:49  Overlord  
  14  1:12  Zergling x6  
  14  1:15  Metabolic Boost  
  17  1:23  Zergling x2  
  18  1:30  Queen  
  20  1:35  Zergling x2  
  21  1:44  Zergling x2  
  22  1:48  Baneling Nest  
  21  1:55  Zergling x2  
  22  2:07  Overlord  
  22  2:27  Zergling x2  
  22  2:28  Zergling x2  
  24  2:33  Baneling  
  24  2:47  Baneling  
  24  2:48  Baneling  
  24  2:51  Zergling x6  
  24  2:54  Baneling  
  26  3:02  Zergling x2  
  25  3:06  Baneling  
  22  3:20  Zergling x2  
  22  3:25  Zergling x2  
  21  3:28  Baneling x2  
  21  3:36  Zergling x2  
  21  3:37  Overlord  
  20  4:03  Zergling x4  
  21  4:12  Zergling x4  
  21  4:13  Zergling x4  
  25  4:21  Baneling x2  
  22  4:34  Zergling x4  
  24  4:40  Hatchery  
  23  4:46  Overlord  
  22  4:59  Zergling x6  
  24  5:04  Baneling  
  24  5:05  Baneling  
  24  5:12  Zergling x2  
  20  5:38  Zergling x6  
  22  5:51  Zergling x8  
  22  5:54  Queen  
  27  6:14  Baneling x3  
  27  6:18  Zergling x6  
  29  6:19  Zergling x8  
Show
View Real Time Build Order
Export as new Build Order

HyuN Zerg 

Build Orders: Hatch First 

Get SALT Encoding   

  12  0:01  Drone  
  13  0:12  Overlord  
  13  0:16  Drone  
  14  0:30  Drone x2  
  14  0:35  Drone  
  17  0:52  Hatchery  
  17  0:54  Drone  
  17  0:57  Drone  
  18  1:04  Extractor  
  17  1:12  Spawning Pool  
  17  1:15  Drone  
  17  1:18  Drone  
  18  1:28  Drone  
  19  1:39  Overlord  
  19  1:58  Queen  
  19  1:59  Zergling x2  
  19  2:00  Zergling x2  
  23  2:03  Queen  
  23  2:04  Zergling x2  
  23  2:05  Metabolic Boost  
  26  2:11  Zergling x2  
  27  2:16  Zergling x2  
  28  2:23  Spine Crawler  
  28  2:27  Zergling x2  
  28  2:32  Zergling x2  
  29  2:40  Queen  
  29  2:47  Zergling x2  
  29  2:48  Zergling x2  
  29  2:50  Zergling x2  
  28  2:55  Zergling x2  
  28  3:06  Zergling x2  
  17  3:31  Drone x3  
  19  3:44  Zergling x2  
  19  3:45  Zergling x2  
  19  4:07  Zergling x6  
  14  4:40  Drone  
  15  4:55  Drone  
  16  5:01  Drone  
  17  5:07  Drone  
  14  5:39  Zergling x4  
  14  5:42  Zergling x2  
  17  5:50  Zergling x2  
  18  6:04  Zergling x4  
  18  6:18  Zergling x2  
  18  6:28  Drone  
Tags
 
Add a new tag
Caveats
  • Supply blocks, unpowered buildings, or Contaminate may cause inaccurate times.
  • Supply counts are checked every 10 seconds.